 Dungeon Crawl Stone Soup version 0.29.0-13-gc9e81de378 (webtiles) character file.

Game seed: 4817273696501799845

469 styxcanada the Covert (level 6, 0/28 HPs)
             Began as a Spriggan Brigand on Sept 9, 2022.
             Succumbed to a kobold brigand's poison
             ... in a sewer.
             The game lasted 00:14:29 (4558 turns).

styxcanada the Covert (Spriggan Brigand)            Turns: 4558, Time: 00:14:30

Health: 0/28       AC:  5    Str:  6    XL:     6   Next: 82%
Magic:  10/10      EV: 19    Int: 11    God:
Gold:   168        SH:  0    Dex: 23    Spells: 10/10 levels left

rFire   . . .      SeeInvis +   a - +3 dagger
rCold   . . .      Faith    .   (no shield)
rNeg    . . .      Spirit   .   b - +0 robe
rPois   .          Reflect  .   g - +2 hat {Stlth+}
rElec   .          Harm     .   c - +0 cloak
rCorr   .          Rampage  .   (gloves unavailable)
Will    +....                   (boots unavailable)
Stlth   ++++++....              (no amulet)
HPRegen 0.09/turn               (no ring)
MPRegen 0.12/turn               (no ring)

@: lethally poisoned (0 -> -8), very quick
A: very small, no large weapons, unfitting armour, see invisible, speed 3, agile
1, frail 1, subdued magic 1
a: no special abilities


You were in a sewer.
You visited 1 branch of the dungeon, and saw 3 of its levels.
You also visited: Sewer.

You collected 168 gold pieces.

Inventory:

Hand Weapons
 a - a +3 dagger (weapon)
Missiles
 d - 6 poisoned darts (quivered)
 e - 4 curare-tipped darts
 j - 26 stones
Armour
 b - a +0 robe (worn)
 c - a +0 cloak (worn)
 g - a +2 hat of stealth (worn)
Scrolls
 f - 2 scrolls of fog
 i - 2 scrolls of identify
 k - a scroll of enchant armour {unknown}
 l - a scroll of noise {unknown}


   Skills:
 * Level 2.7 Fighting
 + Level 3.4 Short Blades
 + Level 2.3 Throwing
 * Level 3.2 Dodging
 * Level 9.6 Stealth
 * Level 2.5 Spellcasting


You had 10 spell levels left.
You didn't know any spells.
Your spell library contained the following spells:

 Spells                   Type           Power      Damage    Failure   Level
 Beastly Appendage        Tmut           2%         N/A       24%         1
 Summon Small Mammal      Summ           4%         N/A       24%         1
 Wereblood                Tmut           1%         N/A       34%         2
 Call Canine Familiar     Summ           1%         N/A       58%         3
 Gell's Gravitas          Tloc           1%         N/A       58%         3
 Spider Form              Tmut/Pois      1%         N/A       58%         3
 Summon Guardian Golem    Hex/Summ       1%         N/A       58%         3
 Teleport Other           Tloc           1%         N/A       58%         3
 Summon Lightning Spire   Summ/Air       1%         N/A       94%         4
 Dispersal                Tloc           0%         N/A       100%        6
 Storm Form               Tmut/Air       0%         N/A       100%        7
 Maxwell's Capacitive Co  Air            0%         ∞         100%        8


Dungeon Overview and Level Annotations

Branches:
Dungeon (3/15)              Sewer (1/1)

Altars:
Elyvilon


Innate Abilities, Weirdness & Mutations

You are very small and have problems with some larger weapons.
You are too small for most types of armour.
You have supernaturally acute eyesight. (SInv)
You cover ground extremely quickly. (Speed+++)
You are agile. (Dex +4, Str/Int -1)
You are frail. (-10% HP)
Your spells are a little easier to cast, but a little less powerful.


Message History

You hear a splash.
The kobold brigand throws a poisoned dart.
The poisoned dart hits you.
You are poisoned.
Throw: 9 darts (poison)
Press: ? - help, Q - select action, (/) - cycle Shift-Dir - straight line, f/p - kobold brigand
Aim: a kobold brigand, wielding a +0 dagger and quivering poisoned darts (heavily wounded, poisoned, 56% to hit)
You throw a poisoned dart.
The poisoned dart hits the kobold brigand.
The kobold brigand looks even sicker.
The kobold brigand is heavily wounded.
* * * LOW HITPOINT WARNING * * *
You feel sick.
The kobold brigand throws a poisoned dart.
The poisoned dart hits you!
You are lethally poisoned!
Really quaff the potion of mutation?
You feel extremely strange.
You feel frail.
Your connection to magic feels subdued.
You feel agile.
* * * LOW HITPOINT WARNING * * *
You feel sick.
The kobold brigand throws a poisoned dart.
The poisoned dart barely misses you.
Throw: 8 darts (poison)
Press: ? - help, Q - select action, (/) - cycle Shift-Dir - straight line, f/p - kobold brigand
Aim: a kobold brigand, wielding a +0 dagger and quivering poisoned darts (heavily wounded, very poisoned, 59% to hit)
You throw a poisoned dart.
The poisoned dart closely misses the kobold brigand.
You hear a splash.
* * * LOW HITPOINT WARNING * * *
You feel sick.
Unknown command.
Unknown command.
Throw: 7 darts (poison)
Press: ? - help, Q - select action, (/) - cycle Shift-Dir - straight line, f/p - kobold brigand
Aim: a kobold brigand, wielding a +0 dagger and quivering poisoned darts (heavily wounded, very poisoned, 59% to hit)
You throw a poisoned dart.
The poisoned dart barely misses the kobold brigand.
You hear a splash.
You die...

#### #..~..#####~.~~.# ##
.~~########~~~~~~~~~.~..########.
##~..~~~~####~~.~.~..~####...~~.~
#~~~~~~~~# ##...~~.~## #.~~.~~~.
##~~~~..~~####..~~~.~####~~~~~~~~
~~~####~.~.##~.~~...~~##.~..####~
#### ##.~..~.~..~~~..~~~~.## ##
##~~~~..~...~~.~.~~##
#.~~.~~.@∩.~..~.~~#
#~.~~~~....~~.~~.~#
#~.~~..~.∩......~~#
##.~~..~.....~..~~~##
##~.~....~~K.~~~.~~~~## ##
~####.~~.##~..~~(~~~##~~..####.
~~....~.####~..~.~~####.~~~..~~
~~~~~~~.# ##~...((.## #.~~~~~~.
~~~.~..####~.~~~~~~(####....~~.


You could see a kobold brigand (very poisoned).

Vanquished Creatures
  An ogre (D:2)
  2 kobold brigands (Sewer)
  6 river rats
  11 adders
  4 worms
  2 dart slugs (D:3)
  13 ball pythons
  3 bats
  8 endoplasms
  4 giant cockroaches
  A goblin (D:2)
  6 hobgoblins
  3 jackals (D:2)
  4 quokkas
  A frilled lizard (D:1)
  9 kobolds
  5 rats
83 creatures vanquished.

Notes
Turn   | Place    | Note
-------+----------+-------------------------------------------
     0 | D:1      | styxcanada the Spriggan Brigand began the quest for the
                  | Orb.
     0 | D:1      | Reached XP level 1. HP: 10/10 MP: 2/2
    64 | D:1      | Reached skill level 6 in Stealth
   568 | D:1      | Reached XP level 2. HP: 15/15 MP: 3/3
  1359 | D:2      | Noticed an ogre
  1364 | D:2      | Killed an ogre
  1365 | D:2      | Reached skill level 7 in Stealth
  1365 | D:2      | Reached skill level 1 in Spellcasting
  1365 | D:2      | Reached XP level 3. HP: 18/18 MP: 3/5
  1365 | D:2      | Reached XP level 4. HP: 23/23 MP: 3/6
  1431 | D:2      | Reached skill level 8 in Stealth
  1785 | D:2      | Found a faded altar of an unknown god.
  1807 | D:2      | Reached XP level 5. HP: 23/26 MP: 7/7
  1930 | D:2      | Found a white marble altar of Elyvilon.
  2995 | D:3      | Found a glowing drain.
  3074 | D:3      | Reached skill level 9 in Stealth
  3079 | Sewer    | Entered a sewer
  3558 | Sewer    | Reached XP level 6. HP: 25/32 MP: 9/9
  4556 | Sewer    | Gained mutation: You are frail. (-10% HP) [potion of
                  | mutation]
  4556 | Sewer    | Gained mutation: Your spells are a little easier to cast,
                  | but a little less powerful. [potion of mutation]
  4556 | Sewer    | Gained mutation: You are agile. (Dex +4, Str/Int -1)
                  | [potion of mutation]
  4558 | Sewer    | Succumbed to a kobold brigand's poison

Illustrated notes

Levels and vault maps discovered:
D:1:      matt_arrival_grand_opening, layout_rooms, serial_co_window_serial,
          co_window_paths_b, co_window_paths_a, co_window_corner_a,
          co_window_corner_a, co_window_paths_a, co_window_paths_b,
          co_window_corner_cb, co_window_of_opportunity_b, co_window_paths_c,
          co_window_paths_c, co_window_of_opportunity_c, co_window_broadway_a,
          co_window_corner_b, co_window_paths_e, glass_columns_c,
          glass_columns_c
D:2:      layout_loops_ring, basic_altar, dreamdust_ecumenical_altar_statues,
          kennysheep_generic_room_3
D:3:      layout_basic, portal_sewer_entry_c
Sewer:    sewer_co_tree

Skill      XL: |  1  2  3  4  5  6 |
---------------+-------------------+-----
Stealth        | 6 7 8 9 |  9.6
Fighting       | 2 |  2.7
Dodging        | 2 3 |  3.2
Spellcasting   | 1 2 |  2.5
Short Blades   | 3 |  3.4
Throwing       | |  2.3

Action                   |  1- 3 |  4- 6 || total
-------------------------+-------+-------++-------
Melee: Dagger            |    62 |   268 ||   330
       Punch             |     1 |     2 ||     3
Throw: Dart              |     3 |    30 ||    33
  Use: Scroll            |       |     7 ||     7
       Potion            |       |     1 ||     1
 Stab: Sleeping          |     6 |    17 ||    23
Armor: Robe              |    14 |    20 ||    34
Dodge: Dodged            |    49 |   187 ||   236
